 Dungeon Crawl Stone Soup version 0.31-a0-180-g519b7de00c (webtiles) character file.

Game seed: 13751274411530541068

105 qw the Chopper (level 4, 0/28 HPs)
             Began as a Gargoyle Fighter on June 19, 2023.
             Slain by an orc wizard
             ... wielding a +0 dagger
              (1 damage)
             ... on level 3 of the Dungeon.
             The game lasted 00:01:00 (1854 turns).

qw the Chopper (Gargoyle Fighter)                   Turns: 1854, Time: 00:01:01

Health: 0/28       AC: 11    Str: 22    XL:     4   Next: 83%
Magic:  4/4        EV:  9    Int: 12    God:
Gold:   105        SH:  4    Dex:  9    Spells: 3/3 levels left

rFire   . . .        Y - +0 war axe
rCold   . . .        c - +0 buckler
rNeg    + . .        b - +0 scale mail
rPois   inf          (no helmet)
rElec   +            e - +0 cloak "Yfualok" {Int+4 Stlth-}
rCorr   .            (no gloves)
SInv    .            (no boots)
Will    .....        (no amulet) Stlth
                     (no ring)
HPRegen 0.24/turn    (no ring)
MPRegen 0.09/turn

%: no passive effects
@: no status effects
A: sickness immunity, AC +3, negative energy resistance 1, electricity
resistance, torment resistance 1, petrification resistance
a: no special abilities


You were on level 3 of the Dungeon.
You visited 1 branch of the dungeon, and saw 3 of its levels.

You collected 105 gold pieces.


Innate Abilities, Weirdness & Mutations

You are immune to sickness and miasma.
Your stone body is resilient. (AC +3)
You are immune to poison.
You resist negative energy. (rN+)
You are resistant to electric shocks. (rElec)
You are resistant to unholy torment.
You are immune to petrification.


   Skills:
 - Level 3.2 Fighting
 + Level 4.4 Axes
 - Level 3.2 Armour
 - Level 3.2 Shields


You had 3 spell levels left.
You didn't know any spells.
Your spell library was empty.

Inventory:

Hand Weapons
 a - a +0 morningstar
 Y - a +0 war axe (weapon)
Armour
 b - a +0 scale mail (worn)
 c - a +0 buckler (worn)
 e - the +0 cloak "Yfualok" (worn) {Int+4 Stlth-}
   (You found it on level 2 of the Dungeon)

   Int:       It affects your intelligence (+4).
   Stlth:     It makes you less stealthy.
 i - a +0 chain mail
Scrolls
 g - a scroll of identify
 k - a scroll of revelation {unknown}
Potions
 d - 3 potions of might
 f - a potion of haste
 h - a potion of resistance {unknown}

Dungeon Overview and Level Annotations

Branches:
Dungeon (3/15)

Altars:
Yredelemnul


Message History

The orc completely misses you.
You barely miss the orc wizard. You hit something. You slash the orc!
You kill the orc!
You slash the orc!
You kill the orc!
The orc wizard hits you but does no damage.
Something hits you.
The rat twitches its whiskers.
You miss the orc wizard. You hit the rat.
You kill the rat!
You closely miss something. Something hits you but does no damage.
The orc wizard mumbles some strange words.
The orc wizard flickers and vanishes!
Something hits you but does no damage. x2
You barely miss something. x2
Something hits you.
You hear some strange, mumbled words.
A puff of flame appears from out of thin air!
The puff of flame hits you but does no damage.
You slash something! You hit something.
Something hits you but does no damage. x2
You miss something. You closely miss something.
Something hits you but does no damage. x3
You hear some strange, mumbled words.
A puff of flame appears from out of thin air!
The puff of flame hits you but does no damage.
You barely miss something. You closely miss something. Something hits you. x2
You miss something. You barely miss something.
Something hits you but does no damage. x2
You barely miss something. x2
Something hits you but does no damage. x2
You hear some strange, mumbled words.
A magic dart appears from out of thin air!
The magic dart hits you. Something hits you.
You closely miss something. You miss something.
Something hits you but does no damage. x2
You closely miss something. You hit something. Something hits you.
You die...

..# ..#####
#.......
........ $###
###.....
.....#.....###
#.....{){....#
#@)....#
#......#
#.))...#
#.))...#
#......#
#......#
.##....%.#
..........#
.........%.#


There were no monsters in sight!

Vanquished Creatures
  4 adders (D:2)
  2 worms (D:2)
  6 orcs (D:3)
  A ball python (D:1)
  3 endoplasms
  7 goblins
  3 hobgoblins
  11 jackals (D:2)
  2 quokkas (D:2)
  A bat (D:3)
  3 frilled lizards
  6 kobolds
  5 rats
54 creatures vanquished.

Notes
Turn   | Place    | Note
-------+----------+-------------------------------------------
     0 | D:1      | qw the Gargoyle Fighter began the quest for the Orb.
     0 | D:1      | Reached XP level 1. HP: 14/14 MP: 1/1
     0 | D:1      | 0 ||| qw: Version: 0.3-a-7-ge0c9b40
     0 | D:1      | 0 ||| qw: Game counter: 999
     0 | D:1      | 0 ||| qw: Always use a shield: true
     0 | D:1      | 0 ||| qw: God list: Okawaru
     0 | D:1      | 0 ||| qw: Allow faded altars: false
     0 | D:1      | 0 ||| qw: Do Orc after D:15 true
     0 | D:1      | 0 ||| qw: Do second Lair branch before Depths: true
     0 | D:1      | 0 ||| qw: Lair rune preference: random
     0 | D:1      | 0 ||| qw: Plans: Normal, Zot:1-4, Slime:5, God:TSO, Crypt,
                  | Tomb, Abyss, Pan, Hells, Win
     0 | D:1      | 0 ||| PLANNING D:1-11
    38 | D:1      | 38 ||| Stepping ~*~*~tactically~*~*~ (stealth).
    41 | D:1      | 41 ||| Stepping ~*~*~tactically~*~*~ (stealth).
    42 | D:1      | 42 ||| Stepping ~*~*~tactically~*~*~ (stealth).
    51 | D:1      | Reached skill level 2 in Axes
    51 | D:1      | 51 ||| FLEEEEING.
    52 | D:1      | 52 ||| FLEEEEING.
    53 | D:1      | 53 ||| FLEEEEING.
    54 | D:1      | 54 ||| FLEEEEING.
    57 | D:1      | 57 ||| FLEEEEING.
    61 | D:1      | 61 ||| FLEEEEING.
    62 | D:1      | 62 ||| FLEEEEING.
   157 | D:1      | Reached XP level 2. HP: 19/19 MP: 2/2
   283 | D:1      | 283 ||| Stepping ~*~*~tactically~*~*~ (hiding).
   358 | D:1      | 358 ||| Stepping ~*~*~tactically~*~*~ (stealth).
   360 | D:1      | 360 ||| Stepping ~*~*~tactically~*~*~ (stealth).
   378 | D:1      | 378 ||| DROPPING +0 club.
   608 | D:1      | Reached skill level 3 in Axes
   685 | D:1      | 685 ||| READING scroll labelled WOISSO ZUIFOMP.
   686 | D:1      | 686 ||| READING 3 scrolls labelled LODOXK TITUU.
   687 | D:1      | 687 ||| READING scroll labelled XURHIU APPE.
   688 | D:1      | 688 ||| READING scroll labelled YFAIREHIMI.
   689 | D:1      | 689 ||| READING 2 scrolls of identify.
   689 | D:1      | 689 ||| IDENTIFYING fuming ruby potion
   709 | D:2      | 709 ||| Stepping ~*~*~tactically~*~*~ (stealth).
   714 | D:2      | Reached XP level 3. HP: 22/23 MP: 3/3
   830 | D:2      | 830 ||| Stepping ~*~*~tactically~*~*~ (hiding).
   925 | D:2      | Identified the +0 cloak "Yfualok" {Int+4 Stlth-}
  1087 | D:2      | 1087 ||| Stepping ~*~*~tactically~*~*~ (stealth).
  1100 | D:2      | Reached XP level 4. HP: 28/28 MP: 4/4
  1242 | D:2      | Reached skill level 4 in Axes
  1316 | D:2      | Found a basalt altar of Yredelemnul.
  1683 | D:2      | 1683 ||| UPGRADING to +0 cloak "Yfualok" {Int+4 Stlth-}.
  1688 | D:2      | 1688 ||| READING 2 scrolls of identify.
  1688 | D:2      | 1688 ||| IDENTIFYING coppery potion
  1689 | D:2      | 1689 ||| DROPPING potion of brilliance.
  1821 | D:3      | 1821 ||| DROPPING +0 whip.
  1845 | D:3      | HP: 6/28 [something (2)]
  1850 | D:3      | HP: 5/28 [something (2)]
  1852 | D:3      | HP: 2/28 [something/magic dart (2)]
  1854 | D:3      | Slain by an orc wizard

Levels and vault maps discovered:
D:1:      psy_arrival_conway, layout_rooms, serial_bayou_pond_e
D:2:      layout_loops_corners, basic_altar, chequers_mini_garden,
          grunt_ministairs_12
D:3:      layout_rooms, ebering_ghost_disaster_area, uniq_jessica, uniq_natasha

Skill      XL: |  1  2  3  4 |
---------------+-------------+-----
Axes           | 2 3 4 |  4.4
Fighting       | |  3.2
Armour         | |  3.2
Shields        | |  3.2

Action                     |  1- 3 |  4- 6 || total
---------------------------+-------+-------++-------
  Melee: War axe           |    93 |    76 ||   169
    Use: Scroll            |     5 |     1 ||     6
 Armour: Scale mail        |    54 |    59 ||   113
  Dodge: Dodged            |    46 |    34 ||    80
  Block: Buckler           |    19 |    19 ||    38

Table legend:
 A = Non-vault XP
 B = Vault XP
 C = Vault XP percentage of total XP
 D = Non-vault monster count
 E = Vault monster count
 F = Vault count percentage of total count
                 A         B        C        D         E       F
            +---------+---------+-------+---------+---------+-------
      Total |     131 |      20 |  13.2 |      50 |       4 |   7.4
            +---------+---------+-------+---------+---------+-------
        D:1 |      30 |       0 |   0.0 |      18 |       0 |   0.0
        D:2 |      79 |      20 |  20.2 |      22 |       4 |  15.4
        D:3 |      22 |       0 |   0.0 |      10 |       0 |   0.0
            +---------+---------+-------+---------+---------+-------
